Map: Heavy Artillery LE

Players

rottenorange - Winner!

  • Race: Zerg Zerg
  • Spawn Location: 7:00

itsDani - Winner!

  • Race: Zerg Zerg
  • League: Platinum
  • Spawn Location: 7:00

Hallora

  • Race: Protoss Protoss
  • Spawn Location: 3:00

Mostar

  • Race: Zerg Zerg
  • League: Diamond
  • Spawn Location: 1:00

VOD

Have the link to the VOD?

Description

Time

  • Played on: Oct. 1, 2020, 2:53 p.m.
  • Length: 10:05
Show
View Real Time Build Order
Export as new Build Order

rottenorange Zerg - Winner!

Build Orders: Hatch First 

Get SALT Encoding   

  12  0:01  Drone  
  13  0:15  Overlord  
  13  0:21  Drone  
  14  0:35  Drone x2  
  16  0:39  Drone  
  17  0:49  Drone  
  18  1:01  Drone  
  18  1:02  Hatchery  
  18  1:07  Extractor  
  18  1:11  Drone  
  18  1:20  Spawning Pool  
  18  1:22  Drone  
  18  1:35  Drone  
  19  1:42  Overlord  
  19  1:53  Drone  
  20  2:08  Queen  
  20  2:12  Drone  
  20  2:14  Queen  
  20  2:15  Metabolic Boost  
  25  2:22  Zergling x4  
  27  2:26  Zergling x2  
  28  2:30  Drone  
  29  2:38  Drone x2  
  31  2:50  Overlord  
  31  2:57  Drone  
  32  3:05  Overlord  
  32  3:09  Drone  
  32  3:12  Drone x2  
  35  3:28  Lair  
  35  3:35  Zergling x2  
  35  3:36  Zergling x12  
  35  3:41  Drone  
  43  3:52  Drone x3  
  43  3:53  Drone  
  47  4:05  Overlord x3  
  47  4:15  Extractor  
  44  4:50  Extractor  
  44  4:52  Drone x3  
  46  4:58  Hatchery  
  45  5:05  Roach Warren  
  44  5:08  Zergling x2  
  44  5:09  Zergling x10  
  44  5:10  Hatchery  
  44  5:11  Queen  
  44  5:12  Queen  
  53  5:36  Zergling x8  
  53  5:37  Zergling x6  
  60  5:56  Drone  
  60  5:57  Drone x2  
  63  6:00  Roach x4  
  71  6:21  Roach  
  71  6:22  Roach x7  
  71  6:24  Overlord  
  83  6:37  Roach  
  83  6:38  Roach x2  
  71  6:44  Glial Reconstitution  
  71  6:59  Drone x4  
  75  7:19  Evolution Chamber  
  75  7:20  Evolution Chamber  
  73  7:31  Extractor  
  73  7:33  Drone x3  
  75  7:40  Overseer x3  
  75  7:52  Drone  
  75  7:56  Drone x2  
  75  7:58  Drone x3  
  81  8:00  Drone x2  
  84  8:05  Drone x3  
  84  8:06  Drone x6  
  84  8:08  Drone x2  
  94  8:16  Spine Crawler  
  94  8:18  Drone  
  94  8:19  Queen  
  94  8:22  Overlord x4  
  94  8:23  Overlord x3  
  96  8:51  Drone x3  
  96  8:55  Roach x2  
  103  8:56  Roach x15  
  133  9:13  Roach  
  133  9:14  Roach x4  
  139  9:29  Roach x2  
  143  9:31  Overlord  
  143  9:32  Overlord x9  
  143  9:39  Extractor  
  143  9:41  Extractor  
Show
View Real Time Build Order
Export as new Build Order

itsDani Zerg - Winner!

Build Orders: Hatch First, Muta Ling Bane 

Get SALT Encoding   

  12  0:00  Drone  
  13  0:14  Overlord  
  13  0:20  Drone  
  14  0:33  Drone x2  
  16  0:53  Hatchery  
  16  0:54  Drone  
  16  0:55  Drone  
  17  0:59  Drone  
  18  1:09  Extractor  
  17  1:15  Spawning Pool  
  17  1:17  Drone  
  17  1:23  Drone  
  18  1:30  Drone  
  19  1:41  Overlord  
  19  1:52  Drone  
  20  2:03  Queen  
  20  2:05  Queen  
  20  2:06  Zergling x2  
  20  2:07  Zergling x2  
  26  2:14  Drone  
  26  2:15  Metabolic Boost  
  27  2:21  Drone  
  28  2:25  Drone  
  28  2:27  Drone  
  30  2:34  Overlord  
  31  2:51  Drone x3  
  33  3:02  Drone  
  33  3:03  Drone  
  35  3:10  Hatchery, Queen  
  35  3:11  Overlord  
  36  3:16  Drone  
  36  3:17  Drone  
  36  3:18  Drone x2  
  36  3:19  Drone x3  
  43  3:30  Extractor  
  43  3:32  Drone x2  
  43  3:33  Extractor  
  43  3:35  Lair  
  43  3:49  Drone x2  
  43  3:50  Drone x4  
  49  3:57  Overlord x2  
  49  4:04  Drone x2  
  51  4:15  Zergling x2  
  51  4:16  Zergling x4  
  54  4:17  Extractor  
  53  4:29  Baneling Nest  
  53  4:31  Drone x4  
  54  4:32  Drone x4  
  54  4:38  Queen  
  62  4:39  Queen  
  62  4:41  Drone  
  62  4:42  Drone x2  
  67  4:54  Drone  
  67  4:58  Spire  
  68  5:00  Drone x3  
  70  5:08  Evolution Chamber  
  70  5:12  Evolution Chamber  
  70  5:13  Drone  
  70  5:14  Drone x2  
  71  5:17  Extractor  
  71  5:18  Extractor  
  69  5:27  Drone x4  
  73  5:30  Drone  
  73  5:34  Centrifical Hooks  
  74  5:38  Overlord x4  
  74  5:50  Overlord  
  74  5:51  Overlord x2  
  74  5:56  Baneling x3  
  74  5:57  Baneling x2  
  73  6:02  Zerg Ground Armor Level 1  
  73  6:04  Zerg Melee Weapons Level 1  
  71  6:15  Zerg Flyer Weapons Level 1  
  71  6:24  Drone x3  
  71  6:25  Drone x2  
  76  6:29  Drone x2  
  76  6:31  Overlord x2  
  78  6:42  Mutalisk x5  
  78  6:43  Mutalisk x5  
  98  6:50  Zergling x2  
  98  6:51  Zergling x18  
  108  6:59  Queen, Infestation Pit  
  108  7:01  Queen  
  109  7:06  Mutalisk x2  
  109  7:07  Mutalisk  
  117  7:11  Mutalisk x2  
  117  7:14  Mutalisk  
  123  7:26  Zergling x16  
  131  7:31  Mutalisk  
  131  7:35  Overlord x2, Hatchery  
  131  7:36  Overlord  
  132  7:38  Mutalisk x3  
  138  7:47  Baneling x5  
  138  7:56  Zergling x14  
  145  8:03  Drone  
  145  8:04  Drone x6  
  152  8:10  Overlord x2, Zergling x4  
  152  8:11  Overlord  
  154  8:16  Hive  
  154  8:18  Hatchery x2  
  152  8:40  Mutalisk  
  152  8:41  Mutalisk x9  
  168  9:00  Corruptor x3  
  166  9:14  Zergling x2  
  166  9:15  Zergling x16  
  163  9:20  Mutalisk x4  
  150  9:32  Zergling x6  
  153  9:42  Drone  
  153  9:43  Overseer, Drone x7  
Show
View Real Time Build Order
Export as new Build Order

Hallora Protoss 

Build Orders: Colossus Rush 

Get SALT Encoding   

  12  0:01  Probe (Chrono Boost)  
  13  0:26  Pylon  
  13  0:27  Probe  
  14  0:39  Probe  
  15  0:52  Probe  
  15  0:53  Gateway  
  16  1:04  Probe (Chrono Boost)  
  16  1:05  Assimilator  
  16  1:07  Assimilator  
  17  1:13  Probe (Chrono Boost)  
  18  1:24  Pylon  
  18  1:46  Gateway  
  18  1:47  Probe  
  18  1:52  Cybernetics Core  
  19  1:59  Probe  
  20  2:07  Pylon  
  20  2:11  Probe  
  21  2:16  Forge  
  21  2:21  Zealot  
  23  2:23  Probe  
  23  2:26  Warp Gate (Chrono Boost)  
  24  2:35  Stalker, Probe  
  27  2:51  Shield Battery  
  27  2:59  Robotics Facility  
  27  3:04  Pylon  
  27  3:05  Protoss Ground Weapons Level 1  
  27  3:42  Twilight Council  
  27  3:50  Observer, Shield Battery  
  28  3:59  Photon Cannon  
  28  4:08  Photon Cannon  
  28  4:11  Zealot  
  28  4:12  Immortal  
  28  4:16  Sentry  
  36  4:17  Charge (Chrono Boost)  
  36  4:38  Robotics Bay  
  36  4:55  Zealot x2  
  40  5:17  Nexus  
  40  5:23  Pylon  
  40  5:28  Protoss Ground Armor Level 1 (Chrono Boost)  
  40  5:38  Zealot  
  42  5:52  Colossus (Chrono Boost)  
  48  6:06  Extended Thermal Lance  
  48  6:19  Zealot  
  48  6:21  Zealot  
  50  7:09  Colossus  
  56  7:26  Pylon  
  56  7:27  Probe (Chrono Boost)  
  56  7:29  Protoss Ground Weapons Level 2  
  57  7:36  Probe (Chrono Boost)  
  58  7:40  Probe (Chrono Boost)  
  59  7:45  Shield Battery  
  59  7:48  Photon Cannon  
  59  7:52  Probe (Chrono Boost)  
  59  7:55  Zealot  
  62  7:58  Sentry  
  62  8:01  Probe (Chrono Boost)  
  69  8:18  Probe  
  70  8:23  Colossus  
  72  8:30  Probe  
  73  8:40  Stalker  
  73  8:41  Stalker  
  77  8:42  Probe  
  78  8:54  Probe  
  47  9:33  Stalker  
Show
View Real Time Build Order
Export as new Build Order

Mostar Zerg 

Build Orders: Hatch First, Muta Ling Bane 

Get SALT Encoding   

  12  0:01  Drone  
  13  0:14  Overlord  
  13  0:16  Drone  
  14  0:32  Drone x2  
  16  0:53  Drone, Hatchery  
  16  0:55  Drone  
  17  1:00  Drone  
  18  1:05  Extractor  
  17  1:14  Spawning Pool  
  17  1:18  Drone  
  17  1:33  Drone x2  
  19  1:51  Overlord  
  20  2:01  Zergling x2  
  20  2:07  Queen  
  22  2:08  Zergling x2  
  22  2:09  Zergling x2  
  22  2:10  Metabolic Boost  
  22  2:11  Queen  
  26  2:18  Drone  
  27  2:23  Drone  
  27  2:24  Drone  
  29  2:32  Baneling Nest  
  28  2:38  Drone x2, Spine Crawler  
  28  2:41  Drone  
  30  2:49  Zergling x4  
  32  3:02  Drone  
  33  3:07  Overlord  
  33  3:16  Drone  
  33  3:17  Drone x2  
  36  3:28  Drone x6  
  36  3:29  Drone  
  36  3:32  Lair  
  43  3:45  Overlord  
  43  3:50  Spore Crawler  
  43  3:52  Spore Crawler, Drone  
  43  3:53  Queen  
  44  4:01  Extractor  
  44  4:02  Drone  
  44  4:03  Overlord x2  
  44  4:06  Drone x2, Extractor  
  44  4:07  Zergling x2  
  46  4:20  Overlord  
  45  4:24  Zergling x2  
  45  4:25  Zergling x6  
  49  4:33  Baneling x2  
  49  4:38  Centrifical Hooks  
  48  4:57  Drone x4  
  48  4:58  Drone x3  
  48  4:59  Overlord, Hatchery  
  54  5:08  Spire  
  54  5:11  Drone, Extractor  
  54  5:12  Drone  
  54  5:20  Overlord x2  
  54  5:21  Drone  
  54  5:22  Drone x2  
  57  5:28  Drone  
  57  5:31  Evolution Chamber  
  57  5:33  Drone  
  56  6:14  Zergling x4  
  56  6:15  Zergling x14  
  56  6:16  Zergling x4  
  67  6:24  Queen  
  69  6:26  Baneling, Spine Crawler  
  69  6:27  Spine Crawler  
  64  6:33  Zergling x12  
  68  6:41  Drone  
  68  6:45  Zerg Melee Weapons Level 1  
  69  6:47  Mutalisk x4  
  77  6:56  Drone x2  
  77  6:59  Baneling x8  
  77  7:00  Baneling x10  
  79  7:07  Overseer  
  79  7:12  Overlord  
  79  7:14  Mutalisk  
  81  7:30  Drone x5  
  81  7:31  Drone x6  
  81  7:33  Spore Crawler  
  81  7:34  Mutalisk x2  
  95  7:38  Overlord  
  95  7:47  Drone x2  
  95  7:48  Drone x6  
  103  7:54  Extractor  
  103  7:57  Mutalisk x2  
  106  8:04  Pneumatized Carapace  
  106  8:17  Extractor  
  105  8:23  Mutalisk  
  105  8:24  Mutalisk  
  109  8:28  Baneling  
  109  8:29  Baneling x3  
  108  8:41  Spore Crawler  
  101  8:42  Spore Crawler  
  101  8:45  Spore Crawler x3  
  101  8:47  Spore Crawler  
  95  8:48  Spore Crawler  
  87  9:11  Mutalisk x3  
  88  9:23  Mutalisk  
  64  9:35  Zergling x4  
  64  9:36  Zergling x12  
  64  9:37  Zergling x14  
  64  9:38  Zergling x4  
  81  9:40  Hatchery  
Tags
 
Add a new tag
Caveats
  • Supply blocks, unpowered buildings, or Contaminate may cause inaccurate times.
  • Supply counts are checked every 10 seconds.